 Dungeon Crawl Stone Soup version 0.32-a0-837-g8d3e27d251 (webtiles) character file.

Game seed: 15888551142411552887

8 Essalna the Digger (level 2, 0/20 HPs)
             Began as a Demonspawn Earth Elementalist on Mar 26, 2024.
             Slain by a hobgoblin (1 damage)
             ... on level 2 of the Dungeon.
             The game lasted 00:00:34 (348 turns).

Essalna the Digger (Demonspawn Earth Elementalist)   Turns: 348, Time: 00:00:34

Health: 0/20       AC:  2    Str:  8    XL:     2   Next: 0%
Magic:  5/5        EV: 11    Int: 15    God:
Gold:   29         SH:  0    Dex: 13    Spells: 4/5 levels left

rFire   . . .        (no weapon)
rCold   . . .        (no shield)
rNeg    . . .        a - +0 robe
rPois   .            (no helmet)
rElec   .            (no cloak)
rCorr   .            (no gloves)
SInv    .            (no boots)
Will    .....        (no amulet)
Stlth   ++           (no ring)
HPRegen 0.23/turn    (no ring)
MPRegen 0.09/turn

%: no passive effects
@: no status effects
A: hooves 1
a: no special abilities


You were on level 2 of the Dungeon.
You visited 1 branch of the dungeon, and saw 2 of its levels.

You collected 29 gold pieces.

Inventory:

Armour
 a - a +0 robe (worn)
Scrolls
 d - a scroll of identify {unknown}
Potions
 b - a potion of magic
 c - a potion of mutation {unknown}


   Skills:
 + Level 0.6 Fighting
 - Level 1.7 Dodging
 - Level 1.7 Stealth
 + Level 2.1 Spellcasting
 + Level 1.3 Conjurations
 + Level 2.8 Earth Magic


You had 4 spell levels left.
You knew the following spells:

 Your Spells              Type           Power      Damage    Failure   Level
a - Sandblast             Erth           20%        2d7       7%          1

Your spell library contained the following spells:

 Spells                   Type           Power      Damage    Failure   Level
 Passwall                 Erth           10%        N/A       21%         3
 Stone Arrow              Conj/Erth      14%        3d7       28%         3
 Brom's Barrelling Bould  Conj/Erth      7%         2d3       67%         4
 Petrify                  Alch/Erth      5%         N/A       77%         4


Dungeon Overview and Level Annotations

Branches:
Dungeon (2/15)

Altars:


Innate Abilities, Weirdness & Mutations

You have large cloven feet.


Message History

A hobgoblin is nearby!
The hobgoblin hits you. The hobgoblin hits you.
The hobgoblin barely misses you. The hobgoblin barely misses you.
The hobgoblin misses you.
The hobgoblin hits you but does no damage.
The hobgoblin barely misses you. The hobgoblin closely misses you.
The hobgoblin hits you but does no damage.
The hobgoblin hits you.
The hobgoblin hits you but does no damage.
The hobgoblin misses you. The hobgoblin misses you.
The hobgoblin barely misses you. The hobgoblin hits you.
The hobgoblin hits you. The hobgoblin closely misses you.
The hobgoblin misses you. The hobgoblin hits you.
The hobgoblin barely misses you. The hobgoblin hits you.
* * * LOW HITPOINT WARNING * * *
The hobgoblin misses you. The hobgoblin hits you.
* * * LOW HITPOINT WARNING * * *
The hobgoblin misses you. The hobgoblin barely misses you.
The hobgoblin misses you. The hobgoblin barely misses you.
The hobgoblin closely misses you. The hobgoblin hits you.
* * * LOW HITPOINT WARNING * * *
The hobgoblin closely misses you. The hobgoblin misses you.
The hobgoblin hits you.
* * * LOW HITPOINT WARNING * * *
The hobgoblin hits you but does no damage.
The hobgoblin hits you.
You die...

### #.. #.#
#.## #..
#.##.###.
#@.......
#g.#.##..
.....
....#.#
.........
.###..#.##.
.. #..#. .
<. #..# #


You could see a hobgoblin.

Vanquished Creatures
  A ball python (D:1)
  An endoplasm (D:1)
  2 goblins (D:1)
  A quokka (D:1)
  2 rats (D:1)
7 creatures vanquished.

Notes
Turn   | Place    | Note
-------+----------+-------------------------------------------
     0 | D:1      | Essalna the Demonspawn Earth Elementalist began the quest
                  | for the Orb.
     0 | D:1      | Reached XP level 1. HP: 13/13 MP: 3/3
   275 | D:1      | Gained mutation: You have large cloven feet. [demonic
                  | ancestry]
   275 | D:1      | Reached XP level 2. HP: 17/20 MP: 3/5
   346 | D:2      | HP: 1/20 [hobgoblin (2)]
   348 | D:2      | Slain by a hobgoblin

Illustrated notes

Levels and vault maps discovered:
D:1:      dpeg_chamrin_arrival_tetris, layout_basic
D:2:      layout_basic, uniq_terence

Action                     || total
---------------------------++-------
  Melee: Unarmed           ||    15
   Cast: Sandblast         ||     8
 Armour: Robe              ||    21
  Dodge: Dodged            ||    34

Table legend: (Time is in decaauts)
 A = Elapsed time spent in this place.
 B = Non-inter-level travel time spent in this place.
 C = Inter-level travel time spent in this place.
 D = Time resting spent in this place.
 E = Time spent auto-exploring this place.
 F = Levels seen in this place.
 G = Mean time per level.
                   A        B        C        D        E       F      G
               +--------+--------+--------+--------+--------+-----+--------+
         Total |    351 |    350 |      1 |      0 |    266 |   2 |  175.5 |
       Dungeon |    351 |    350 |      1 |      0 |    266 |   2 |  175.5 |
               +--------+--------+--------+--------+--------+-----+--------+

Top non-repeatable levels by time:
     D:1: 314 daAuts
     D:2: 37 daAuts
